[Event "Titled Tuesday Blitz April 18 Early 2023"]
[White "Nakamura, Hikaru"]
[Black "Degenbaev, Aziz"]
[WhiteFideId "2016192"]
[BlackFideId "13802640"]
[WhiteElo "2885"]
[BlackElo "2152"]
[Result "1-0"]
[Round "01"]
[TimeControl "180+2"]
[Date "2023.04.18"]
[WhiteClock "0:00:46"]
[BlackClock "0:00:03"]

1. Nf3 Nf6 2. g3 g6 3. d3 Bg7 4. Bd2 O-O 5. Qc1 d6 6. Bh6 c5 7. Bxg7 Kxg7 8. Bg2 Nc6 9. O-O Rb8 10. e4 Bg4 11. Nh4 Qc8 12. Re1 Bh3 13. Bh1 b5 14. Nd2 e5 15. c3 a5 16. a4 b4 17. Nc4 Qc7 18. f4 exf4 19. gxf4 Rfe8 20. f5 bxc3 21. bxc3 Bg4 22. Rf1 Ne5 23. fxg6 fxg6 24. Qg5 Rf8 25. Ne3 Be6 26. d4 cxd4 27. cxd4 Neg4 28. Nef5+ Kh8 29. Ng3 Rb2 30. Bg2 Qc3 31. Nf3 Qe3+ 32. Qxe3 Nxe3 33. Rf2 Rxf2 34. Kxf2 Nfg4+ 35. Kg1 Nxg2 36. Kxg2 Ne3+ 37. Kf2 Nc2 38. Rd1 Bg4 39. Rd3 Nxd4 40. Rxd4 Rxf3+ 41. Kg1 Ra3 42. e5 Bd7 43. Rxd6 Bxa4 44. Kf2 Kg7 45. Ne4 Ra2+ 46. Ke3 Kf7 47. Ra6 h6 48. h4 Bb3 49. Nc5 Bc4 50. Ra7+ Ke8 51. Ne4 Re2+ 52. Kd4 Be6 53. Rh7 a4 54. Ra7 Ra2 55. Kc5 a3 56. Kd6 Bc8 57. e6 Re2 58. Nf6+ Kd8 59. e7+ Rxe7 60. Rxe7 a2 61. Re8# 1-0


[Site "https://www.chess.com"]

[Event "Titled Tuesday Blitz April 18 Early 2023"]
[White "Petukhov, Dmitry"]
[Black "Naroditsky, Daniel"]
[WhiteFideId "4142748"]
[BlackFideId "2026961"]
[WhiteElo "2311"]
[BlackElo "2633"]
[Result "0-1"]
[Round "01"]
[TimeControl "180+2"]
[Date "2023.04.18"]
[WhiteClock "0:00:16"]
[BlackClock "0:00:23"]

1. e4 c5 2. c3 d5 3. exd5 Nf6 4. d4 cxd4 5. cxd4 Nxd5 6. Nc3 Nc6 7. Bc4 Nb6 8. Bb5 Bd7 9. Nge2 e6 10. O-O Nb4 11. a3 N4d5 12. Bd3 Be7 13. Ne4 O-O 14. Bd2 Bc6 15. N2g3 Nd7 16. Qe2 Re8 17. Rac1 Rc8 18. Rfe1 Qb6 19. Be3 Nf8 20. b4 Ng6 21. Nh5 a6 22. Nc5 Qc7 23. Bd2 Bd6 24. g3 Qe7 25. Ne4 Bb8 26. Bg5 Qf8 27. Rc5 Ba7 28. Rc4 e5 29. Nc5 exd4 30. Qd1 Nc3 31. Qa1 Rxe1+ 32. Qxe1 Re8 33. Qd2 Ne5 34. Qc2 Nf3+ 35. Kf1 Nxh2+ 36. Kg1 Re1+ 37. Kxh2 Rh1# 0-1


[Site "https://www.chess.com"]

[Event "Titled Tuesday Blitz April 18 Early 2023"]
[White "Mamedov, Rauf"]
[Black "Palczert, Matyas"]
[WhiteFideId "13401653"]
[BlackFideId "784958"]
[WhiteElo "2635"]
[BlackElo "2224"]
[Result "1-0"]
[Round "01"]
[TimeControl "180+2"]
[Date "2023.04.18"]
[WhiteClock "0:00:59"]
[BlackClock "0:00:01"]

1. e4 c5 2. Nf3 Nf6 3. d3 Nc6 4. g3 d5 5. exd5 Nxd5 6. Bg2 g6 7. O-O Bg7 8. Re1 O-O 9. Nbd2 b6 10. Ne4 Bb7 11. a3 Qd7 12. Rb1 Rfd8 13. Bd2 Nf6 14. Nxf6+ Bxf6 15. Bc3 Nd4 16. Bxd4 cxd4 17. h4 Rac8 18. Rc1 Bg7 19. Qd2 Bd5 20. Ne5 Bxe5 21. Rxe5 Bxg2 22. Kxg2 Rc7 23. h5 Rdc8 24. h6 Rc5 25. Qf4 Rxc2 26. Rxc2 Rxc2 27. Re4 Qb7 28. Kh2 Rc5 29. g4 Rd5 30. Qf6 Qb8+ 31. Qf4 Qxf4+ 32. Rxf4 f6 33. Re4 e5 34. Re2 Rc5 35. f4 Kf7 36. Kg3 Rc1 37. fxe5 Rd1 38. Rf2 Rxd3+ 39. Kg2 f5 40. gxf5 gxf5 41. Rxf5+ Ke6 42. Rf6+ Kxe5 43. Rf7 Rd2+ 44. Kf3 Rxb2 45. Rxh7 Rb3+ 46. Kg4 Rxa3 47. Re7+ Kf6 48. h7 Kxe7 49. h8=Q Ra4 50. Kf5 Kd6 51. Qd8+ Kc5 52. Ke5 Ra5 53. Qxd4+ Kc6+ 54. Ke6 Kb7 55. Qe4+ Kc7 56. Qa8 Ra3 57. Qh8 Re3+ 58. Kd5 Rd3+ 59. Kc4 Rd7 60. Kb5 Rd5+ 61. Kb4 a5+ 62. Kc4 Rc5+ 63. Kd4 Kb7 64. Qd8 Ka7 65. Qd7+ Ka6 66. Qf7 Kb5 67. Qf1+ Kc6 68. Qa6 Kc7 69. Qa8 Rc6 70. Qa7+ Kd6 71. Qb8+ Kd7 72. Qa7+ Kd6 73. Qb7 a4 74. Qa6 b5 75. Qxb5 a3 76. Qa5 Ke6 77. Qd5+ 1-0


[Site "https://www.chess.com"]

[Event "Titled Tuesday Blitz April 18 Early 2023"]
[White "ExtremeLearner"]
[Black "Caruana, Fabiano"]
[BlackFideId "2020009"]
[WhiteElo "2508"]
[BlackElo "2837"]
[Result "0-1"]
[Round "01"]
[TimeControl "180+2"]
[Date "2023.04.18"]
[WhiteClock "0:00:03"]
[BlackClock "0:00:11"]

1. d4 d5 2. c4 dxc4 3. Nf3 Nf6 4. e3 e6 5. Bxc4 c5 6. O-O a6 7. Be2 Nbd7 8. b3 b6 9. Bb2 Bb7 10. Nbd2 cxd4 11. Nxd4 Bc5 12. Bf3 Bxf3 13. Qxf3 O-O 14. Ne4 Nxe4 15. Qxe4 Nf6 16. Qh4 Rc8 17. Rfd1 Qe7 18. Nf3 Nd5 19. Qxe7 Bxe7 20. Rac1 f6 21. Nd4 Kf7 22. a3 h5 23. g3 Bc5 24. b4 Bxd4 25. Bxd4 Rxc1 26. Rxc1 e5 27. Bb2 Ke6 28. e4 Ne7 29. f4 Rc8 30. Rxc8 Nxc8 31. Kf2 exf4 32. gxf4 Nd6 33. Kf3 Nc4 34. Bc1 b5 35. Ke2 g6 36. Kf3 Nd6 37. Ke3 g5 38. fxg5 fxg5 39. Kd4 g4 40. Bf4 Nc4 41. Kc5 h4 42. a4 g3 43. hxg3 h3 44. g4 Ne5 45. axb5 Nd3+ 46. Kb6 Nxf4 47. bxa6 h2 48. a7 h1=Q 49. a8=Q Qg1+ 50. Kb5 Qf1+ 51. Kb6 Qf2+ 52. Kb5 Qf1+ 53. Kb6 Ke5 54. Qe8+ Kd4 55. Qd7+ Ke3 56. Qc6 Nd3 57. Qh6+ Kxe4 58. Qc6+ Kd4 59. Qd6+ Kc4 60. Qc6+ Kxb4 61. Qb5+ Kc3 62. g5 Qg1+ 63. Ka6 Nb4+ 64. Ka5 Qa7+ 0-1


[Site "https://www.chess.com"]

[Event "Titled Tuesday Blitz April 18 Early 2023"]
[White "So, Wesley"]
[Black "Lehtosaari, Mauri"]
[WhiteFideId "5202213"]
[BlackFideId "501999"]
[WhiteElo "2749"]
[BlackElo "2506"]
[Result "1-0"]
[Round "01"]
[TimeControl "180+2"]
[Date "2023.04.18"]
[WhiteClock "0:00:47"]
[BlackClock "0:00:02"]

1. Nf3 d5 2. e3 Nf6 3. c4 c6 4. Nc3 Bg4 5. cxd5 Bxf3 6. Qxf3 cxd5 7. d4 Nc6 8. Bd3 e6 9. O-O Be7 10. Bd2 O-O 11. Qe2 Rc8 12. Rfc1 Na5 13. Rc2 Nc4 14. Be1 a6 15. a4 Nd6 16. Rac1 g6 17. a5 Qxa5 18. f3 Qb6 19. Bf2 Qb3 20. e4 Nh5 21. g3 dxe4 22. fxe4 Bg5 23. Ra1 Be7 24. Ra3 Qb6 25. d5 Qd8 26. e5 Nf5 27. d6 Bg5 28. Qf3 Nhg7 29. Ne4 Bh6 30. Nf6+ Kh8 31. Qxb7 Rxc2 32. Bxc2 Ne8 33. Nxe8 Qxe8 34. Rxa6 Be3 35. d7 Bxf2+ 36. Kxf2 Qd8 37. Qb4 Rg8 38. Qd2 1-0


[Site "https://www.chess.com"]

[Event "Titled Tuesday Blitz April 18 Early 2023"]
[White "Fiedorek, Michal"]
[Black "Bluebaum, Matthias"]
[WhiteFideId "1199528"]
[BlackFideId "24651516"]
[WhiteElo "2135"]
[BlackElo "2638"]
[Result "0-1"]
[Round "01"]
[TimeControl "180+2"]
[Date "2023.04.18"]
[WhiteClock "0:00:01"]
[BlackClock "0:00:53"]

1. e4 e6 2. d4 d5 3. Nd2 c5 4. exd5 Qxd5 5. Ngf3 cxd4 6. Bc4 Qd6 7. O-O Nf6 8. Nb3 Nc6 9. Nbxd4 Nxd4 10. Nxd4 Be7 11. Re1 O-O 12. c3 Qc7 13. Bb3 e5 14. Nc2 Bg4 15. f3 Bc5+ 16. Kh1 Bf5 17. Qe2 e4 18. Be3 exf3 19. Qxf3 Be4 20. Qh3 Rae8 21. Bxc5 Qxc5 22. Nd4 Re5 23. Qg3 Rg5 24. Qh3 Bxg2+ 25. Qxg2 Rxg2 26. Kxg2 Ng4 27. Re4 Qg5 28. Nf3 Qg6 29. Re2 Ne3+ 30. Kh1 Qe4 31. Rf2 Ng4 32. Rff1 Ne3 33. Rf2 g6 34. Re1 Kg7 35. Bc2 Qf4 36. Bb3 Re8 37. Ree2 Ng4 38. Rxe8 Nxf2+ 39. Kg2 Ne4 40. Re7 Qg4+ 41. Kf1 Qxf3+ 0-1


[Site "https://www.chess.com"]

[Event "Titled Tuesday Blitz April 18 Early 2023"]
[White "Le, Tuan Minh"]
[Black "Novikov, Evgenij"]
[WhiteFideId "12401153"]
[BlackFideId "4125380"]
[WhiteElo "2566"]
[BlackElo "2242"]
[Result "1-0"]
[Round "01"]
[TimeControl "180+2"]
[Date "2023.04.18"]
[WhiteClock "0:01:13"]
[BlackClock "0:00:01"]

1. d4 d5 2. Nf3 Nf6 3. Bf4 e6 4. e3 c5 5. c3 Nc6 6. Nbd2 Bd6 7. Bg3 O-O 8. Bb5 Ne7 9. Bd3 Qc7 10. Ne5 b6 11. O-O Bb7 12. Qb1 g6 13. Bh4 Nh5 14. Bxe7 Qxe7 15. f4 f5 16. Ndf3 Nf6 17. Qe1 Ne4 18. Kh1 Kh8 19. Rg1 Rg8 20. g4 cxd4 21. cxd4 Rac8 22. Rg2 Bc6 23. Bxe4 dxe4 24. Ng5 Bxe5 25. dxe5 Bd5 26. Qh4 Rc7 27. Rag1 Rgc8 28. gxf5 exf5 29. Rd2 Bg8 30. b3 Rc2 31. Qf2 Qc5 32. e6 Rc3 33. Qh4 Qxe3 34. Rd7 Qxg1+ 35. Kxg1 Rc1+ 36. Kf2 R8c2+ 37. Ke3 Rc3+ 38. Ke2 R1c2+ 39. Rd2 Rxd2+ 40. Kxd2 1-0


[Site "https://www.chess.com"]

[Event "Titled Tuesday Blitz April 18 Early 2023"]
[White "Sowul, Bartosz"]
[Black "Andreikin, Dmitry"]
[WhiteFideId "1137590"]
[BlackFideId "4158814"]
[WhiteElo "2188"]
[BlackElo "2736"]
[Result "0-1"]
[Round "01"]
[TimeControl "180+2"]
[Date "2023.04.18"]
[WhiteClock "0:00:10"]
[BlackClock "0:00:25"]

1. e4 c5 2. Nc3 a6 3. g3 b5 4. Bg2 Bb7 5. Nge2 b4 6. Na4 e5 7. c3 Nc6 8. d4 bxc3 9. bxc3 cxd4 10. cxd4 exd4 11. O-O Nge7 12. Rb1 Rb8 13. Bf4 d6 14. Nxd4 Ne5 15. Nb6 Bc6 16. Nxc6 N7xc6 17. Nd5 Be7 18. Qa4 O-O 19. Bxe5 Rxb1 20. Rxb1 Nxe5 21. Rb7 Bf6 22. Qxa6 Qc8 23. Rb6 Qc1+ 24. Qf1 Qc5 25. a4 h5 26. h3 Ra8 27. Rb5 Qa3 28. Nb6 Ra7 29. Kh2 h4 30. g4 Rc7 31. Nd5 Rc2 32. f4 Qg3+ 33. Kh1 Nxg4 34. hxg4 h3 35. Nxf6+ gxf6 36. Rb8+ Kg7 37. Rb3 hxg2+ 38. Kg1 gxf1=Q+ 39. Kxf1 Qf2# 0-1


[Site "https://www.chess.com"]

[Event "Titled Tuesday Blitz April 18 Early 2023"]
[White "Korobov, Anton"]
[Black "Bagrationi, Alexander"]
[WhiteFideId "14105730"]
[BlackFideId "14104954"]
[WhiteElo "2638"]
[BlackElo "2398"]
[Result "1-0"]
[Round "01"]
[TimeControl "180+2"]
[Date "2023.04.18"]
[WhiteClock "0:02:10"]
[BlackClock "0:00:46"]

1. d4 d5 2. c4 e6 3. Nc3 Nf6 4. cxd5 exd5 5. Bg5 Nbd7 6. e3 Be7 7. Bd3 O-O 8. Nf3 c6 9. Qc2 h6 10. Bf4 Nh5 11. O-O Nxf4 12. exf4 Bd6 13. g3 Nf6 14. Ne5 Re8 15. Rfe1 Bf8 16. Na4 Qa5 17. a3 Be6 18. b4 Qd8 19. Nc5 Bc8 20. Re3 Qd6 21. Nxf7 Kxf7 22. Bg6+ Kg8 23. Bxe8 b6 24. Nb3 Nxe8 25. Rxe8 Bf5 26. Qe2 Rxe8 27. Qxe8 Bg6 28. Qe5 Qd7 29. Re1 Bd6 30. Qe6+ 1-0


[Site "https://www.chess.com"]

[Event "Titled Tuesday Blitz April 18 Early 2023"]
[White "Wisniacki, Flavio"]
[Black "Lazavik, Denis"]
[WhiteFideId "119229"]
[BlackFideId "13515110"]
[WhiteElo "2150"]
[BlackElo "2560"]
[Result "0-1"]
[Round "01"]
[TimeControl "180+2"]
[Date "2023.04.18"]
[WhiteClock "0:01:19"]
[BlackClock "0:00:38"]

1. Nf3 f5 2. c4 Nf6 3. Nc3 g6 4. g3 Bg7 5. Bg2 O-O 6. O-O d6 7. d3 e5 8. Rb1 a5 9. a3 Nc6 10. b4 axb4 11. axb4 Qe8 12. b5 Nd8 13. Bg5 Ne6 14. Bxf6 Bxf6 15. Nd5 Bg7 16. Nd2 g5 17. Ra1 Rxa1 18. Qxa1 e4 19. Qa5 c6 20. bxc6 bxc6 21. Nb4 Nd4 22. dxe4 Nxe2+ 23. Kh1 c5 24. Nd5 f4 25. Qc7 Bg4 26. f3 Nxg3+ 27. hxg3 Qh5+ 28. Kg1 Bd4+ 29. Rf2 fxg3 0-1


[Site "https://www.chess.com"]

[Event "Titled Tuesday Blitz April 18 Early 2023"]
[White "Sarana, Alexey"]
[Black "Gubajdullin, Alexei"]
[WhiteFideId "24133795"]
[BlackFideId "4141202"]
[WhiteElo "2714"]
[BlackElo "2279"]
[Result "0-1"]
[Round "01"]
[TimeControl "180+2"]
[Date "2023.04.18"]
[WhiteClock "0:00:01"]
[BlackClock "0:00:22"]

1. d4 Nf6 2. c4 g6 3. Nc3 Bg7 4. e4 O-O 5. Be2 d6 6. Be3 Na6 7. Nf3 e5 8. O-O c6 9. d5 Ng4 10. Bg5 f6 11. Bh4 c5 12. Ne1 h5 13. Nd3 Nh6 14. f3 Nf7 15. a3 Bh6 16. Bf2 Bg5 17. b4 b6 18. Qa4 Kg7 19. Rab1 h4 20. bxc5 Nxc5 21. Nxc5 dxc5 22. Bd3 Bd7 23. Qc2 Nd6 24. Ne2 Rh8 25. Kh1 Qe8 26. Qc3 Rb8 27. Rbe1 Qe7 28. Bg1 Nf7 29. h3 Bf4 30. Nxf4 exf4 31. e5 Nxe5 32. Re2 Qd6 33. Rfe1 Rbe8 34. Bb1 Re7 35. Bf2 Be8 36. Bc2 g5 37. Bf5 Bf7 38. a4 Rhe8 39. a5 Nd7 40. Rxe7 Rxe7 41. Rc1 Ne5 42. Ra1 Bg6 43. Bc8 Bd3 44. Ba6 Be2 45. Re1 Nd3 46. Rxe2 Rxe2 47. Bg1 Ne1 48. axb6 axb6 49. Bb5 Nxg2 50. Qd3 Qe5 51. d6 Qe6 52. Bh2 Ne1 53. Qd1 Qe3 54. Bc6 Qf2 0-1


[Site "https://www.chess.com"]

[Event "Titled Tuesday Blitz April 18 Early 2023"]
[White "Erzhanov, Arman"]
[Black "Tang, Andrew"]
[WhiteFideId "4138821"]
[BlackFideId "2059630"]
[WhiteElo "2138"]
[BlackElo "2596"]
[Result "0-1"]
[Round "01"]
[TimeControl "180+2"]
[Date "2023.04.18"]
[WhiteClock "0:00:48"]
[BlackClock "0:00:04"]

1. e4 e5 2. Nf3 Nc6 3. Bb5 g6 4. d4 exd4 5. Bg5 Be7 6. Bxe7 Qxe7 7. O-O Qc5 8. Bxc6 dxc6 9. Qxd4 Qxd4 10. Nxd4 Ne7 11. Nd2 b6 12. b4 a5 13. a3 O-O 14. c3 Rd8 15. N2f3 Ba6 16. Rfd1 Bb7 17. Nd2 axb4 18. axb4 c5 19. Rxa8 Bxa8 20. bxc5 bxc5 21. Nb5 Bxe4 22. Na3 Bc6 23. Nac4 Bb5 24. Re1 Nd5 25. Na3 Nxc3 26. Nxb5 Nxb5 27. Nc4 Rd4 28. Rc1 Nd6 29. Ne3 c4 30. Kf1 f5 31. g3 Kf7 32. Ke2 Ke6 33. Nc2 Rd5 34. Ne3 Rc5 35. Nc2 Kd5 36. Ne3+ Kc6 37. Kd2 Ne4+ 38. Ke2 Nd6 39. f3 Kb5 40. Kd2 Kc6 41. Kc3 Nb5+ 42. Kb4 c3 43. Nd1 Nd4 44. f4 c2 45. Ne3 Rb5+ 46. Kc3 Rb1 47. Rxc2 Nxc2 48. Nxc2 Rh1 49. Nd4+ Kd5 50. Nf3 h6 51. Kd3 c5 52. Ke3 c4 53. h4 Rh3 54. Kf2 c3 55. Ne1 Rh2+ 56. Ke3 c2 57. Kd3 c1=Q 58. Nf3 Qc4+ 59. Ke3 Re2# 0-1


[Site "https://www.chess.com"]

[Event "Titled Tuesday Blitz April 18 Early 2023"]
[White "Bryant, John Daniel"]
[Black "Mouhamad, Joachim"]
[WhiteFideId "2031280"]
[BlackFideId "656410"]
[WhiteElo "2455"]
[BlackElo "2125"]
[Result "1-0"]
[Round "01"]
[TimeControl "180+2"]
[Date "2023.04.18"]
[WhiteClock "0:00:03"]
[BlackClock "0:00:02"]

1. e4 c5 2. c3 Nf6 3. e5 Nd5 4. Nf3 Nc6 5. Bc4 Nb6 6. Bb3 c4 7. Bc2 d6 8. exd6 Qxd6 9. Na3 Bg4 10. Qe2 e5 11. Nxc4 Nxc4 12. Qxc4 Bxf3 13. gxf3 Be7 14. Qe4 g6 15. f4 O-O-O 16. fxe5 Nxe5 17. d4 Nc6 18. Bf4 Qd7 19. O-O-O Rhe8 20. Qf3 f5 21. d5 Na5 22. d6 Bf6 23. Rd5 Nc6 24. Qg3 Re6 25. Rhd1 Rde8 26. h4 Be5 27. h5 Bxf4+ 28. Qxf4 Re5 29. hxg6 hxg6 30. b3 a6 31. Kb2 Re2 32. R1d2 Rxd2 33. Qxd2 Re5 34. Rd3 Re6 35. f4 Nd8 36. c4 Nf7 37. c5 Nd8 38. b4 Re4 39. a3 Qg7+ 40. Ka2 Nc6 41. Rd5 Qh8 42. Bxe4 fxe4 43. d7+ Kd8 44. Kb3 Qh3+ 45. Kb2 Qf3 46. f5 e3 47. Qd3 Qf2+ 48. Kb3 e2 49. Qd2 e1=Q 50. Qg5+ Ne7 51. f6 Qb1+ 52. Ka4 Qfc2+ 53. Ka5 Nc6+ 54. Kb6 Qf5 55. Rxf5 Qxf5 56. Qh4 Kxd7 57. Qh7+ Ke6 58. Qxb7 Nd4 59. Qc8+ Ke5 60. Qe8+ Ne6 61. f7 Qf6 62. c6 Kf5 63. Kb7 Ng7 64. c7 1-0


[Site "https://www.chess.com"]

[Event "Titled Tuesday Blitz April 18 Early 2023"]
[White "Devaev, Alexander"]
[Black "Hakobyan, Aram"]
[WhiteFideId "4169395"]
[BlackFideId "13306677"]
[WhiteElo "2204"]
[BlackElo "2584"]
[Result "0-1"]
[Round "01"]
[TimeControl "180+2"]
[Date "2023.04.18"]
[WhiteClock "0:00:17"]
[BlackClock "0:00:11"]

1. Nf3 Nf6 2. c4 b6 3. Nc3 Bb7 4. d4 e6 5. a3 g6 6. Qc2 Bg7 7. e4 d6 8. Bd3 O-O 9. h3 Nbd7 10. Bg5 h6 11. Be3 e5 12. d5 a5 13. b3 Nc5 14. Be2 Nh5 15. Nd2 Nf4 16. Bf1 f5 17. g3 Nh5 18. exf5 gxf5 19. g4 Nf4 20. gxf5 Bc8 21. Nde4 Bxf5 22. Rg1 Kh8 23. Rg3 Qh4 24. Bxc5 bxc5 25. Bd3 Bh7 26. O-O-O Nxd3+ 27. Qxd3 Rxf2 28. Rdg1 Rf7 29. Kb2 a4 30. b4 cxb4 31. axb4 a3+ 32. Ka2 Qf4 33. Qe2 Qf5 34. R1g2 Raf8 35. Kxa3 Qf4 36. Kb3 Qh4 37. Rxg7 Rxg7 38. Rxg7 Kxg7 39. Qg2+ Kh8 40. c5 Qe7 41. c6 Qf7 42. b5 Rb8 43. Kc4 Qf4 44. Qg4 Qe3 45. Qg2 Qd4+ 46. Kb3 Bxe4 47. Qxe4 Rxb5+ 48. Kc2 Qxe4+ 49. Nxe4 Rxd5 50. Kc3 Kg7 51. Kc4 Rd4+ 52. Kb5 Rxe4 53. Ka6 Rb4 0-1


[Site "https://www.chess.com"]

[Event "Titled Tuesday Blitz April 18 Early 2023"]
[White "Sadhwani, Raunak"]
[Black "Malka, Samuel"]
[WhiteFideId "35093487"]
[BlackFideId "20643675"]
[WhiteElo "2631"]
[BlackElo "2496"]
[Result "1-0"]
[Round "01"]
[TimeControl "180+2"]
[Date "2023.04.18"]
[WhiteClock "0:00:24"]
[BlackClock "0:00:06"]

1. Nf3 d5 2. b3 c5 3. Bb2 Nc6 4. e3 e6 5. Bb5 Bd7 6. O-O Nf6 7. d4 cxd4 8. exd4 Bd6 9. Nbd2 O-O 10. Re1 Qc7 11. a3 Ne7 12. Bd3 Ng6 13. g3 a6 14. Ne5 Bb5 15. c4 dxc4 16. bxc4 Bc6 17. Nxc6 bxc6 18. Qf3 Be7 19. h4 Rab8 20. Bc3 Rfd8 21. h5 Nf8 22. h6 g6 23. d5 N8d7 24. dxe6 fxe6 25. Rxe6 Nc5 26. Rxc6 Qd7 27. Bxf6 Rf8 28. Re1 Bxf6 29. Rxf6 Rxf6 30. Qxf6 Rf8 31. Qe7 Qxe7 32. Rxe7 Nxd3 33. Ne4 Nb2 34. Rg7+ Kh8 35. Ng5 Rc8 36. Nf7# 1-0


[Site "https://www.chess.com"]

[Event "Titled Tuesday Blitz April 18 Early 2023"]
[White "Ronka, Erik"]
[Black "Svane, Rasmus"]
[WhiteFideId "505080"]
[BlackFideId "4657101"]
[WhiteElo "2264"]
[BlackElo "2597"]
[Result "1-0"]
[Round "01"]
[TimeControl "180+2"]
[Date "2023.04.18"]
[WhiteClock "0:00:11"]
[BlackClock "0:00:13"]

1. d4 d5 2. c4 e6 3. Nc3 a6 4. cxd5 exd5 5. Qb3 Nf6 6. Bg5 c5 7. Bxf6 gxf6 8. Qxd5 Qb6 9. Qe4+ Be6 10. O-O-O cxd4 11. Qxd4 Qxd4 12. Rxd4 Nc6 13. Rd1 Bb4 14. Nf3 Bxc3 15. bxc3 Bxa2 16. e3 Ke7 17. Kb2 Be6 18. Nd4 Rac8 19. g3 Ne5 20. f4 Ng4 21. Re1 Nf2 22. Rg1 Ne4 23. Rc1 Rc5 24. Bg2 Nd2 25. Kc2 Nc4 26. Kd3 b5 27. Ra1 Nb2+ 28. Kd2 Na4 29. Rgc1 Rh5 30. Rh1 Rb8 31. Nc6+ Kd6 32. Nxb8 Rc5 33. Nxa6 Rxc3 34. Rhc1 Rb3 35. Rab1 Ra3 36. Nb4 Nc5 37. Rc3 Ra4 38. Nd3 Nd7 39. Rxb5 Bc4 40. Rb2 Be6 41. Rb4 Ra2+ 42. Rc2 Ra3 43. Rd4+ Ke7 44. Bc6 Nf8 45. Nc5 Bf5 46. e4 Bg4 47. Rd3 Ra5 48. Bd5 h5 49. Nb3 Ra7 50. Nd4 Ra4 51. Rc7+ Nd7 52. Bc6 Ra2+ 53. Ke3 Kd8 54. Rxd7+ Bxd7 55. Bxd7 Kxd7 56. Nf3+ Ke7 57. Rb3 h4 58. Nxh4 Rxh2 59. Nf5+ Kd7 60. Rb7+ Ke8 61. Re7+ Kf8 62. Rc7 Ke8 63. Rc8+ Kd7 64. Rf8 Rh7 65. Kd4 Ke6 66. Re8+ Kd7 67. Re7+ Kd8 68. Kd5 Rh1 69. Rxf7 Rd1+ 70. Ke6 Re1 71. Kxf6 Rxe4 72. Rf8+ Kd7 73. Kg5 Re1 74. Rf7+ Ke8 75. Re7+ Rxe7 76. Nxe7 Kxe7 77. Kg6 1-0


[Site "https://www.chess.com"]

[Event "Titled Tuesday Blitz April 18 Early 2023"]
[White "Kollars, Dmitrij"]
[Black "Sai Han Thiha"]
[WhiteFideId "12909572"]
[BlackFideId "13012290"]
[WhiteElo "2584"]
[BlackElo "1954"]
[Result "1-0"]
[Round "01"]
[TimeControl "180+2"]
[Date "2023.04.18"]
[WhiteClock "0:00:46"]
[BlackClock "0:00:12"]

1. Nf3 Nf6 2. g3 d5 3. Bg2 c6 4. O-O Bf5 5. c4 e6 6. Qb3 Qb6 7. d3 Qxb3 8. axb3 Na6 9. Nc3 Bb4 10. Nd4 Bg6 11. Nxc6 bxc6 12. Rxa6 Kd7 13. Be3 Rhb8 14. Rfa1 Rb7 15. Rxa7 Raxa7 16. Rxa7 Rxa7 17. Bxa7 Kd6 18. Bb8+ Kd7 19. Be5 Ne8 20. Na4 f6 21. Bc3 Bd6 22. Kf1 Bf7 23. Ke1 e5 24. Ba5 Nc7 25. Kd2 Na6 26. Nb6+ Ke7 27. cxd5 cxd5 28. Bxd5 Bh5 29. Nc8+ Kd7 30. Nxd6 Kxd6 31. Bc4 Nc5 32. e3 f5 33. b4 Nb7 34. Bb6 Kc6 35. Ba7 Nd6 36. Bb8 Nxc4+ 37. dxc4 e4 38. Kc3 Be2 39. b5+ Kb7 40. Be5 g6 41. Kb4 Ka7 42. c5 Kb7 43. c6+ Kb6 44. Bd4+ Kc7 45. Kc5 Kc8 46. b6 Kb8 47. b7 Ba6 48. Be5+ 1-0


[Site "https://www.chess.com"]

[Event "Titled Tuesday Blitz April 18 Early 2023"]
[White "Shuvalov, Evgenij"]
[Black "Sargsyan, Shant"]
[WhiteFideId "4187237"]
[BlackFideId "13306766"]
[WhiteElo "2080"]
[BlackElo "2628"]
[Result "0-1"]
[Round "01"]
[TimeControl "180+2"]
[Date "2023.04.18"]
[WhiteClock "0:00:01"]
[BlackClock "0:00:37"]

1. d4 g6 2. c4 d6 3. e4 Bg7 4. Nc3 Nc6 5. Be3 e5 6. d5 Nce7 7. g4 c5 8. h4 f5 9. gxf5 gxf5 10. Qh5+ Kd7 11. Bh3 Nf6 12. Qe2 Kc7 13. exf5 Nxf5 14. Nf3 Nd4 15. Bxd4 exd4 16. Nb5+ Kb8 17. Ng5 a6 18. Na3 Re8 19. Ne6 Bxe6 20. Bxe6 Qa5+ 21. Kf1 Ka7 22. Nb1 d3 23. Qd2 Qa4 24. Qc1 Ne4 25. Rh3 Qc2 26. Qxc2 dxc2 27. Nc3 Nd2+ 28. Ke2 Nxc4 29. Rc1 Nxb2 30. Rxc2 Nc4 31. Ne4 Nb6 32. Kf1 Be5 33. Rf3 Rf8 34. Rxf8 Rxf8 35. Kg2 Na4 36. Ng5 Rf4 37. Kh3 Nc3 38. Nxh7 Ne4 39. Ng5 Nxf2+ 40. Kg2 Nd1 41. Nf3 Ne3+ 42. Kf2 Nxc2 43. h5 Nd4 0-1


[Site "https://www.chess.com"]

[Event "Titled Tuesday Blitz April 18 Early 2023"]
[White "Svane, Frederik"]
[Black "Martin Duque, Jesus"]
[WhiteFideId "12923044"]
[BlackFideId "2208954"]
[WhiteElo "2502"]
[BlackElo "2305"]
[Result "1-0"]
[Round "01"]
[TimeControl "180+2"]
[Date "2023.04.18"]
[WhiteClock "0:02:21"]
[BlackClock "0:00:40"]

1. e4 c6 2. Nf3 d5 3. exd5 cxd5 4. d4 Nf6 5. c3 Qc7 6. g3 Nc6 7. Bf4 Qb6 8. Qb3 Qxb3 9. axb3 Bg4 10. Nbd2 e6 11. b4 Nh5 12. b5 Nd8 13. Bc7 Nf6 14. b6 Nc6 15. Bb5 Bxf3 16. Nxf3 Kd7 17. Ne5+ Kc8 18. Nxc6 a6 19. Na7+ 1-0


[Site "https://www.chess.com"]

[Event "Titled Tuesday Blitz April 18 Early 2023"]
[White "Rodchenkov, Sergey D."]
[Black "Kramnik, Vladimir"]
[WhiteFideId "4168712"]
[BlackFideId "4101588"]
[WhiteElo "2277"]
[BlackElo "2712"]
[Result "0-1"]
[Round "01"]
[TimeControl "180+2"]
[Date "2023.04.18"]
[WhiteClock "0:00:01"]
[BlackClock "0:00:31"]

1. e4 c5 2. Nf3 d6 3. d4 cxd4 4. Nxd4 Nf6 5. Nc3 a6 6. Bg5 e6 7. f4 Be7 8. Qf3 Qc7 9. O-O-O Nbd7 10. g4 b5 11. Bxf6 Nxf6 12. g5 Nd7 13. f5 O-O 14. Rg1 b4 15. Nce2 e5 16. f6 exd4 17. fxe7 Re8 18. Nxd4 Ne5 19. Qg3 Rxe7 20. Nf5 Bxf5 21. exf5 Rc8 22. Rg2 a5 23. f6 Re6 24. Rf2 Nc4 25. Bd3 g6 26. Qh4 h5 27. gxh6 Kh7 28. Rg1 Ne5 29. Be4 d5 30. Bf5 gxf5 31. Rg7+ Kh8 32. h7 Nd3+ 33. Kd2 Qxc2# 0-1


[Site "https://www.chess.com"]

[Event "Titled Tuesday Blitz April 18 Early 2023"]
[White "Bortnyk, Olexandr"]
[Black "Jaskolka, Tomasz"]
[WhiteFideId "14120828"]
[BlackFideId "1170791"]
[WhiteElo "2734"]
[BlackElo "2155"]
[Result "1-0"]
[Round "01"]
[TimeControl "180+2"]
[Date "2023.04.18"]
[WhiteClock "0:02:20"]
[BlackClock "0:01:55"]

1. d4 d5 2. Nc3 Nf6 3. Bf4 a6 4. e3 Bf5 5. Nf3 e6 6. Ne5 Nbd7 7. g4 Bg6 8. h4 h5 9. Nxg6 fxg6 10. g5 Ng8 11. Bh3 Qe7 12. Bxc7 Rc8 13. Bg3 Qb4 14. Rb1 Rc6 15. O-O Bd6 16. e4 Bxg3 17. exd5 exd5 18. fxg3 Ne7 19. Qd3 Qc4 20. Rbe1 Qxd3 21. cxd3 1-0


[Site "https://www.chess.com"]

[Event "Titled Tuesday Blitz April 18 Early 2023"]
[White "Birkisson, Bardur Orn"]
[Black "Ivanchuk, Vasyl"]
[WhiteFideId "2310597"]
[BlackFideId "14100010"]
[WhiteElo "2062"]
[BlackElo "2710"]
[Result "0-1"]
[Round "01"]
[TimeControl "180+2"]
[Date "2023.04.18"]
[WhiteClock "0:00:02"]
[BlackClock "0:00:52"]

1. c4 Nf6 2. g3 c6 3. Bg2 d5 4. Nf3 dxc4 5. O-O Nbd7 6. a4 a5 7. Na3 Nb6 8. Qc2 g6 9. Nxc4 Nxc4 10. Qxc4 Bg7 11. d3 Nd5 12. e4 Nb4 13. d4 Be6 14. Qe2 Bg4 15. Be3 Bxf3 16. Bxf3 Bxd4 17. Rad1 e5 18. Bxd4 exd4 19. Qc4 Qf6 20. Kg2 d3 21. e5 Qe6 22. Qc5 Qe7 23. Qc4 O-O 24. Rfe1 Rad8 25. Re3 Rfe8 26. h4 h5 27. Be4 Qe6 28. Qxe6 Rxe6 29. Rd2 Rxe5 30. f4 Re6 31. Kf3 Rde8 32. Re1 f5 33. Bxd3 Rxe1 0-1


[Site "https://www.chess.com"]